 Dungeon Crawl Stone Soup version 0.25.1-2-g60ff931df9 (webtiles) character file.

Game seed: 14528413525537955265

22394 eehn1 the Carver (level 12, -4/113 HPs)
             Began as a Minotaur Fighter on Sept 5, 2020.
             Was the Champion of Okawaru.
             Slain by a two-headed ogre
             ... wielding a +0 giant club
              (17 damage)
             ... on level 14 of the Dungeon.
             The game lasted 00:51:23 (15888 turns).

eehn1 the Carver (Minotaur Fighter)                Turns: 15888, Time: 00:51:23

Health: -4/113     AC: 11    Str: 23    XL:     12   Next: 62%
Magic:  0/11       EV: 13    Int:  5    God:    Okawaru [******]
Gold:   513        SH: 14    Dex: 17    Spells: 11/11 levels left

rFire    . . .     SeeInvis +   y - +6 long sword "Gudib" {speed, +Rage rPois Str-2 SInv}
rCold    + . .     Gourm    .   c - +0 kite shield
rNeg     . . .     Faith    .   B - +1 ring mail {rPois}
rPois    +         Spirit   +   (helmet restricted)
rElec    .         Reflect  .   r - +1 cloak {rCorr}
rCorr    +         Harm     .   (no gloves)
MR       .....                  (no boots)
Stlth    +.........             x - amulet of guardian spirit
HPRegen  0.28/turn              J - ring of protection from cold
MPRegen  0.12/turn              D - +6 ring of dexterity

@: very slightly contaminated, slowed, very slow
A: retaliatory headbutt, horns 2
a: Heroism, Finesse, Renounce Religion, Evoke Berserk Rage


You were on level 14 of the Dungeon.
You worshipped Okawaru.
Okawaru was exalted by your worship.
You were not hungry.

You visited 2 branches of the dungeon, and saw 15 of its levels.
You visited 1 bazaar.
You also visited: Sewer and Ossuary.

You collected 751 gold pieces.
You spent 238 gold pieces at shops.

Inventory:

Hand Weapons
 e - a +1 falchion of freezing
 l - a +1 demon trident of venom
 o - a +4 vorpal quarterstaff
 y - the +6 long sword "Gudib" (weapon) {speed, +Rage rPois Str-2 SInv}
   (You found it on level 4 of the Dungeon)

   Attacks with this weapon are significantly faster.
   It affects your strength (-2).
   It protects you from poison.
   It lets you see invisible.
   It lets you go berserk.
 K - a +4 scimitar of freezing
 M - a +4 mace of holy wrath
 R - a +1 hand axe of flaming
Armour
 a - the cursed +0 ring mail "Okhlocza" {rC+++ rN+ Int-2 SInv}
   (You found it on level 9 of the Dungeon)

   It affects your intelligence (-2).
   It renders you almost immune to cold.
   It protects you from negative energy.
   It lets you see invisible.
   It has a curse placed upon it.
 c - a +0 kite shield (worn)
 r - a +1 cloak of preservation (worn)
 B - a +1 ring mail of poison resistance (worn)
 G - +0 steam dragon scales
Jewellery
 q - an uncursed ring of teleportation
 x - an amulet of guardian spirit (around neck)
 D - a +6 ring of dexterity (right hand)
 F - an uncursed ring of wizardry
 J - a ring of protection from cold (left hand)
 T - the ring "Cola Reuzau" {Ice rPois rN+ Str+5 Slay-4}
   (You bought it in a shop in a bazaar)

   [ring of ice]

   It enhances your ice magic.
   It affects your strength (+5).
   It affects your accuracy and damage with ranged weapons and melee attacks
   (-4).
   It makes you vulnerable to fire.
   It protects you from cold.
   It protects you from poison.
   It protects you from negative energy.
Wands
 b - a wand of digging (4)
 s - a wand of paralysis (16)
 L - a wand of polymorph (3)
Scrolls
 g - 2 scrolls of enchant armour
 j - 5 scrolls of teleportation
 m - 5 scrolls of fog
 w - a scroll of remove curse
 z - 2 scrolls of blinking
 A - 3 scrolls of magic mapping
 H - 3 scrolls of enchant weapon
 O - a scroll of noise {unknown}
 P - 2 scrolls of identify
 Q - 2 scrolls of amnesia
 S - a scroll of summoning {unknown}
 U - a scroll of vulnerability {unknown}
Potions
 d - 5 potions of might
 h - 2 potions of brilliance {unknown}
 i - 3 potions of stabbing {unknown}
 k - 4 potions of curing
 n - 2 potions of haste
 p - 6 potions of flight
 t - 3 potions of magic {unknown}
 u - 3 potions of cancellation
 v - a potion of mutation {unknown}
 C - 3 potions of lignification {unknown}
 E - a potion of berserk rage {unknown}
 I - a potion of resistance
 N - a potion of ambrosia {unknown}
Comestibles
 f - 24 rations
 V - 4 chunks of flesh


   Skills:
 * Level 12.5 Fighting
 + Level 12.8 Long Blades
 + Level 5.8 Axes
 * Level 11.0 Armour
 + Level 4.7 Dodging
 * Level 12.8 Shields


You had 11 spell levels left.
You didn't know any spells.
Your spell library contained the following spells:

 Spells                   Type           Power        Failure   Level  Hunger
 Corona                   Hex            #......      69%         1    ##.....
 Magic Dart               Conj           #...         69%         1    ##.....
 Blink                    Tloc           N/A          83%         2    ###....
 Call Imp                 Summ           #.......     83%         2    ###....
 Ensorcelled Hibernation  Hex/Ice        #.....       83%         2    ###....
 Slow                     Hex            #.......     83%         2    ###....
 Confusing Touch          Hex            #.......     96%         3    ####...
 Conjure Flame            Conj/Fire      #.......     96%         3    ####...
 Dazzling Flash           Conj/Hex       #.....       96%         3    ####...
 Mephitic Cloud           Conj/Pois/Air  #.......     96%         3    ####...
 Tukima's Dance           Hex            #.......     96%         3    ####...
 Ice Form                 Ice/Tmut       #.......     100%        4    #####..
 Metabolic Englaciation   Hex/Ice        #.........   100%        5    ######.
 Freezing Cloud           Conj/Ice/Air   #.........   100%        6    #######
 Ozocubu's Refrigeration  Ice            #.........   100%        6    #######
 Simulacrum               Ice/Necr       #.........   100%        6    #######


Dungeon Overview and Level Annotations

Branches:
Dungeon (14/15)            Temple (1/1) D:5            Lair (0/6) D:10
    Orc (0/2) D:10         Vaults (0/5) D:13          Sewer (visited)
Ossuary (visited)

Altars:
Dithmenos
Elyvilon
Fedhas
Makhleb
Okawaru
Sif Muna
Trog
Uskayaw
Wu Jian
Xom
Zin
Beogh

Shops:
D:5 *   D:8 (

Annotations:
D:12 exclusion: ice statue
D:13 Rupert


Innate Abilities, Weirdness & Mutations

You reflexively headbutt those who attack you in melee.
You have a pair of horns on your head.


Message History

The two-headed ogre hits you with a +0 giant club!! x2
* * * LOW HITPOINT WARNING * * *
You block the two-headed ogre's attack.
The two-headed ogre hits you with a +0 giant club.
* * * LOW HITPOINT WARNING * * *
The two-headed ogre moves out of view.
Things that are here:
a +0 robe; an ogre corpse Blink to where?
Press: ? - help, Dir - move target cursor You are very lightly contaminated with residual magic.
As you read the scroll of blinking, it crumbles to dust.
The two-headed ogre barely misses you.
You riposte.
You slash the two-headed ogre!
Your headbutt misses the two-headed ogre.
The two-headed ogre is heavily wounded.
The two-headed ogre barely misses you. The two-headed ogre misses you.
The two-headed ogre hits you with a +0 giant spiked club!!
You die...

*,,,* *,.# #.. ****,***
######.### ##### ,,.,,,*
###..>.....# #....
,,O...####O.........###*****#....
,,..O..O.>.#§....).....,,,,,+....
,,....######..O.....#*******#....
,,.,,,* ####O##### #.... ,******
#O## ##+## ,* #.@# *,** ,* ##.#
*,,, ,* ###.#### *******+ +######
#......#### *,,,,,,, ...[..#
#.......(.#**,,,,,,, ......#
###......##(?,+,,,,,,,
......######........#*****,,,,,,,
......(()(÷..#......# *,,,,,,,
..[...########......# *,,,,,,,


You could see 3 two-headed ogres.

Vanquished Creatures
  Gastronok (D:8)
  2 slime creatures (D:14)
  An ogre mage (D:14)
  A hydra (D:14)
  3 two-headed ogres (D:11)
  3 unseen horrors
  An orc knight (D:11)
  A cyclops (D:13)
  4 ugly things
  2 komodo dragons
  4 trolls
  A hornet (D:11)
  3 hippogriffs
  9 yaks
  3 hogs (D:7)
  A wyvern (D:14)
  A steam dragon (D:7)
  A golden eye (shapeshifter) (D:13)
  A basilisk (D:14)
  4 humans
  A soldier ant (D:11)
  4 ice beasts
  3 sky beasts
  2 black bears (D:11)
  A hornet zombie (D:13)
  11 orc warriors
  3 phantoms
  A necrophage (D:6)
  2 centaurs
  10 ogres
  A crocodile (D:14)
  2 big kobolds
  11 bullfrogs
  3 scorpions
  13 killer bees
  4 wights (D:9)
  3 crimson imps
  A bullfrog zombie (D:8)
  3 jellies
  2 centaur zombies
  8 hounds
  8 orc wizards
  Crazy Yiuf (D:3)
  A centaur skeleton (D:12)
  9 orc priests
  2 bullfrog skeletons
  Natasha (thrice) (D:3)
  2 iguanas (D:12)
  Terence (D:3)
  11 worker ants
  9 big kobold zombies (Ossuary)
  A bullfrog simulacrum (D:13)
  A hound skeleton (D:10)
  2 mummies
  3 worker ant zombies
  11 gnolls
  4 river rats (Sewer)
  16 adders
  4 shadow imps
  An ooze (D:1)
  An adder skeleton (D:8)
  3 worms
  3 dart slugs
  6 leopard geckos
  60 orcs
  3 spectral bats (Ossuary)
  16 ball pythons
  3 gnoll zombies (Ossuary)
  6 goblins
  7 hobgoblins
  3 jackals (D:3)
  17 kobolds
  3 quokkas
  5 bats
  5 frilled lizards
  3 goblin simulacra (Ossuary)
  5 goblin zombies (Ossuary)
  5 hobgoblin zombies (Ossuary)
  A jackal skeleton (D:4)
  4 kobold simulacra (Ossuary)
  4 kobold zombies (Ossuary)
  4 orc zombies (Ossuary)
  A quokka skeleton (D:6)
  30 rats
  6 rat simulacra (Ossuary)
  3 spectral goblins (Ossuary)
  6 spectral kobolds (Ossuary)
  2 spectral rats (Ossuary)
  5 fungi (D:3)
446 creatures vanquished.

Vanquished Creatures (others)
  2 plants (D:10)
2 creatures vanquished.

Grand Total: 448 creatures vanquished

Notes
Turn   | Place    | Note
-------+----------+-------------------------------------------
     0 | D:1      | eehn1 the Minotaur Fighter began the quest for the Orb.
     0 | D:1      | Reached XP level 1. HP: 19/19 MP: 0/0
    52 | D:1      | Found a radiant altar of Vehumet.
    55 | D:1      | Found a basalt altar of Yredelemnul.
    55 | D:1      | Found a shimmering altar of Xom.
    57 | D:1      | Found a shadowy altar of Dithmenos.
    57 | D:1      | Found a burning altar of Makhleb.
    57 | D:1      | Found a white marble altar of Elyvilon.
   201 | D:1      | Reached XP level 2. HP: 24/27 MP: 1/1
   759 | D:2      | Reached XP level 3. HP: 29/33 MP: 2/2
  1360 | D:2      | Reached XP level 4. HP: 40/40 MP: 3/3
  1681 | D:3      | Noticed Natasha
  1699 | D:3      | Killed Natasha
  1703 | D:3      | Noticed Natasha
  1707 | D:3      | Killed Natasha
  1707 | D:3      | Reached skill level 5 in Shields
  1807 | D:3      | Noticed Terence
  1826 | D:3      | Killed Terence
  1826 | D:3      | Reached XP level 5. HP: 47/47 MP: 4/4
  1838 | D:3      | Noticed Natasha
  1851 | D:3      | Killed Natasha
  2245 | D:3      | Found a runed translucent door.
  2246 | D:3      | Noticed Crazy Yiuf
  2258 | D:3      | Killed Crazy Yiuf
  2465 | D:4      | Reached XP level 6. HP: 52/53 MP: 5/5
  2930 | D:4      | Reached skill level 5 in Axes
  3042 | D:4      | Reached skill level 5 in Fighting
  3396 | D:4      | Got a slimy long sword
  3397 | D:4      | Identified the +6 long sword "Gudib" {speed, +Rage rPois
                  | Str-2 SInv} (You found it on level 4 of the Dungeon)
  3432 | D:5      | Entered Level 5 of the Dungeon
  3453 | D:5      | Reached XP level 7. HP: 51/61 MP: 6/6
  3466 | D:5      | Reached skill level 5 in Armour
  3535 | D:5      | Found a glowing drain.
  3549 | D:5      | Reached skill level 1 in Long Blades
  3574 | Sewer    | Entered a sewer
  4504 | D:5      | Found Kocousad's Assorted Antiques.
  4547 | D:5      | Reached XP level 8. HP: 69/69 MP: 7/7
  4659 | D:5      | Found a staircase to the Ecumenical Temple.
  4668 | Temple   | Entered the Ecumenical Temple
  4682 | Temple   | Became a worshipper of Warmaster Okawaru
  5034 | D:6      | Found a blossoming altar of Fedhas.
  5154 | D:6      | Found a glowing silver altar of Zin.
  5172 | D:6      | Reached * piety under Okawaru
  5172 | D:6      | Reached skill level 5 in Long Blades
  6200 | D:7      | Reached XP level 9. HP: 49/77 MP: 4/8
  6815 | D:7      | Reached ** piety under Okawaru
  7006 | D:7      | Reached skill level 1 in Dodging
  7441 | D:8      | Reached *** piety under Okawaru
  7451 | D:8      | Noticed Gastronok
  7480 | D:8      | Killed Gastronok
  7480 | D:8      | Received a gift from Okawaru
  7480 | D:8      | Reached XP level 10. HP: 26/90 MP: 3/9
  7673 | D:8      | Reached skill level 10 in Shields
  7714 | D:8      | Found Monaw's Antique Weapon Boutique.
  7747 | D:8      | Found a sand-covered staircase.
  7759 | Ossuary  | Entered an ossuary
  8817 | D:9      | Reached skill level 10 in Long Blades
  8846 | D:9      | Got an encrusted ring mail
  8847 | D:9      | Identified the cursed +0 ring mail "Okhlocza" {rC+++ rN+
                  | Int-2 SInv} (You found it on level 9 of the Dungeon)
  8867 | D:9      | Reached **** piety under Okawaru
  9464 | D:10     | Entered Level 10 of the Dungeon
  9705 | D:10     | Found a staircase to the Lair.
 10264 | D:10     | Found a roughly hewn altar of Beogh.
 10264 | D:10     | Found a staircase to the Orcish Mines.
 10599 | D:10     | Reached XP level 11. HP: 83/99 MP: 6/10
 10921 | D:11     | Noticed an orc knight
 10937 | D:11     | Killed an orc knight
 10937 | D:11     | Reached ***** piety under Okawaru
 10946 | D:11     | Reached skill level 10 in Fighting
 11183 | D:11     | Received a gift from Okawaru
 11368 | D:11     | Noticed a two-headed ogre
 11368 | D:11     | Noticed a two-headed ogre
 11375 | D:11     | Killed a two-headed ogre
 11386 | D:11     | Killed a two-headed ogre
 12046 | D:11     | Noticed a green ugly thing
 12053 | D:11     | Killed a green ugly thing
 12054 | D:11     | Noticed a green ugly thing
 12063 | D:11     | Killed a green ugly thing
 12184 | D:11     | Noticed a two-headed ogre
 12189 | D:11     | Reached skill level 10 in Armour
 12196 | D:11     | Killed a two-headed ogre
 12461 | D:11     | Noticed a green ugly thing
 12463 | D:11     | Noticed an unseen horror
 12472 | D:11     | Killed a green ugly thing
 12495 | D:11     | Killed an unseen horror
 12965 | D:12     | Received a gift from Okawaru
 13762 | D:12     | Noticed a white ugly thing
 13777 | D:12     | Killed a white ugly thing
 13777 | D:12     | Reached XP level 12. HP: 98/110 MP: 8/11
 13894 | D:12     | Found a flickering gateway to a bazaar.
 13901 | Bazaar   | Entered a bazaar
 13901 | Bazaar   | Found Goerohekh's Jewellery Shoppe.
 13901 | Bazaar   | Found Pogemuru's Food Emporium.
 13901 | Bazaar   | Found Regoti's Distillery.
 13901 | Bazaar   | Found Nibappost's General Store.
 13948 | Bazaar   | Bought the ring "Cola Reuzau" {Ice rPois rN+ Str+5 Slay-4}
                  | for 238 gold pieces
 14279 | D:13     | Found a gate to the Vaults.
 14279 | D:13     | Noticed Rupert
 14279 | D:13     | Noticed a centaur warrior
 14577 | D:13     | Reached ****** piety under Okawaru
 15150 | D:14     | Noticed a five-headed hydra
 15160 | D:14     | Killed a one-headed hydra
 15506 | D:14     | Received a gift from Okawaru
 15868 | D:14     | Noticed an ogre mage
 15869 | D:14     | Noticed a two-headed ogre
 15869 | D:14     | Noticed a two-headed ogre
 15869 | D:14     | Noticed a two-headed ogre
 15871 | D:14     | Noticed a two-headed ogre
 15882 | D:14     | Killed an ogre mage
 15885 | D:14     | Noticed a two-headed ogre
 15888 | D:14     | Slain by a two-headed ogre

Illustrated notes

Levels and vault maps discovered:
D:1:      minmay_arrival_semitransparent, layout_basic, doesnt_xom_only_xom
D:2:      layout_basic, serial_glass, glass_columns_b, glass_columns_c
D:3:      layout_rooms, first_ration, uniq_terence, uniq_crazy_yiuf_cottage,
          uniq_natasha
D:4:      layout_cave_pods, minmay_misc_feat_rows, kennysheep_generic_room_14
D:5:      layout_rooms, minmay_temple_entry_junction_2, serial_shops,
          nicolae_shop_overgrown_old_shop, portal_sewer_entry_b
D:6:      minmay_evil_eye, layout_loops_ring, lemuel_round_altar,
          fedhas_altar_fruit_tree
D:7:      layout_basic, glass_columns_a, kennysheep_nondescript, st_stairs_9,
          grunt_livestock
D:8:      layout_rooms, serial_shops, shop, gup_ossuary_entry_pyramid,
          uniq_gastronok
D:9:      layout_loops_ring
D:10:     layout_stronghold, david_lair_shrubbed, david_orc_5
D:11:     layout_loops_corners, amethyst_killhole
D:12:     layout_grid_maze, serial_shops, bzr_entry_road, minivault_16,
          kennysheep_generic_room_4
D:13:     layout_rooms, david_vaults_3
D:14:     layout_roguey, gauntlet_entry_generic
Temple:   compressed_dpeg_circular_temple

Skill      XL: |  1  2  3  4  5  6  7  8  9 10 11 12 |
---------------+-------------------------------------+-----
Shields        | 4 5 6 7 8 9 10 11 12 | 12.8
Fighting       | 4 5 6 8 9 11 12 | 12.5
Armour         | 4 6 7 8 9 10 11 | 11.0
Axes           | 3 4 5 |  5.8
Long Blades    | 2 6 9 10 12 | 12.8
Dodging        | 2 3 4 |  4.7

Action                   |  1- 3 |  4- 6 |  7- 9 | 10-12 || total
-------------------------+-------+-------+-------+-------++-------
Melee: War axe           |    90 |   127 |       |       ||   217
       Headbutt          |    12 |    26 |    67 |   208 ||   313
       Long sword        |       |     4 |   348 |   719 ||  1071
       Hand axe          |       |       |       |     9 ||     9
  Use: Scroll            |       |     5 |     5 |    17 ||    27
       Potion            |       |       |       |     6 ||     6
  Eat: Chunk             |     2 |     6 |    13 |    17 ||    38
       Ration            |       |       |       |     3 ||     3
Armor: Scale mail        |    39 |       |       |       ||    39
       Plate armour      |    32 |    57 |   183 |       ||   272
       Ring mail         |       |       |    27 |   107 ||   134
Dodge: Dodged            |    30 |    20 |    76 |   219 ||   345
Block: Kite shield       |    55 |    71 |   229 |   360 ||   715
       Rpst.: Long sword |       |       |    25 |    53 ||    78
